 Dungeon Crawl Stone Soup version 0.22-a0-355-g201945f (webtiles) character file.

5438 Deeps the Slinger (level 10, -3/55 HPs)
             Began as a Spriggan Hunter on Apr 18, 2018.
             Was a Priest of Okawaru.
             Shot with an arrow by a centaur (16 damage)
             ... on level 9 of the Dungeon.
             The game lasted 00:20:07 (10120 turns).

Deeps the Slinger (Spriggan Hunter)                Turns: 10120, Time: 00:20:07

Health: -3/55      AC:  2    Str: 11    XL:     10   Next: 41%
Magic:  11/11      EV: 22    Int: 13    God:    Okawaru [***...]
Gold:   596        SH:  0    Dex: 19    Spells: 9/9 levels left

rFire    . . .     SeeInvis +   a - +2 hunting sling
rCold    + + .     Gourm    .   (shield restricted)
rNeg     . . .     Faith    .   o - +0 robe {rC+ rF+}
rPois    .         Spirit   .   (helmet restricted)
rElec    .         Reflect  .   (no cloak)
rCorr    .         Harm     .   (gloves unavailable)
MR       +....                  (boots unavailable)
Stlth    +++.......             (no amulet)
HPRegen  0.18/turn              p - ring of ice {rC+, rF-}
MPRegen  0.12/turn              s - +2 ring of dexterity

@: very quick
A: very small, unfitting armour, see invisible, herbivore, speed 3, slow
metabolism 2
a: Heroism, Renounce Religion


You were on level 9 of the Dungeon.
You worshipped Okawaru.
Okawaru was most pleased with you.
You were hungry.

You visited 2 branches of the dungeon, and saw 10 of its levels.

You collected 596 gold pieces.

Inventory:

Hand Weapons
 a - a +2 hunting sling (weapon)
Missiles
 h - 89 stones (quivered)
Armour
 o - a +0 robe of resistance (worn)
   (You took it off an orc wizard on level 6 of the Dungeon)
 J - a +2 robe of magic resistance
   (You took it off a wight on level 7 of the Dungeon)
Magical Staves
 k - an uncursed staff of earth {unknown}
   (You found it on level 8 of the Dungeon)
Jewellery
 p - a ring of ice (left hand) {rC+, rF-}
   (You found it on level 2 of the Dungeon)
 s - a +2 ring of dexterity (right hand)
   (You found it on level 3 of the Dungeon)
Wands
 n - a wand of clouds (4)
   (You took it off an orc on level 6 of the Dungeon)
 y - a wand of polymorph (9)
   (You found it on level 7 of the Dungeon)
 D - a wand of enslavement (9)
   (You found it on level 4 of the Dungeon)
 F - a wand of acid (10)
   (You found it on level 5 of the Dungeon)
Scrolls
 c - a scroll of enchant armour {unknown}
 j - 10 scrolls of identify
 l - 4 scrolls of remove curse
 q - 2 scrolls of immolation {!r}
 u - a scroll of silence {unknown}
 x - a scroll of enchant weapon
 A - a scroll of magic mapping {!r}
 G - a scroll of amnesia
 I - 2 scrolls of fear
Potions
 b - 3 potions of resistance {unknown}
 e - a potion of might
 g - 3 potions of agility
 i - a potion of heal wounds
 m - 2 potions of berserk rage {!q}
 r - a potion of lignification {!q}
 t - 2 potions of curing
 w - a potion of cancellation
 z - 3 potions of invisibility
 E - 2 potions of flight
Comestibles
 f - 9 rations {@e1}


   Skills:
 + Level 7.4 Fighting
 + Level 14.6 Slings
 + Level 5.7 Dodging
 + Level 3.8 Stealth
 + Level 0.5 Evocations


You had 9 spell levels left.
You didn't know any spells.

Dungeon Overview and Level Annotations

Branches:
Dungeon (9/15)             Temple (1/1) D:6             Orc (0/2) D:9
   Lair: D:8-11

Altars:
Ashenzari
Cheibriados
Elyvilon
Fedhas
Gozag
Hepliaklqana
Kikubaaqudgha
Makhleb
Okawaru
Qazlal
Ru
Sif Muna
Uskayaw
Vehumet
Xom
Yredelemnul
Zin
The Shining One

Shops:
D:6 !(:   D:7 [


Innate Abilities, Weirdness & Mutations

You are very small and have problems with some larger weapons.
You are too small for most types of armour.
You have supernaturally acute eyesight. (SInv)
You are a herbivore.
You cover ground extremely quickly.
You need to consume almost no food.


Message History

The stone barely misses the vampire mosquito.
The stone hits the worker ant.
The vampire mosquito barely misses you.
Firing (i - inventory)
h - 106 stones (quivered)
Aim: a vampire mosquito (heavily damaged)
You shoot a stone.
The stone barely misses the vampire mosquito.
The stone barely misses the worker ant.
The stone hits the centaur but does no damage.
The vampire mosquito misses you. x2
Firing (i - inventory)
h - 105 stones (quivered)
Aim: a vampire mosquito (heavily damaged)
You shoot a stone. The stone misses the vampire mosquito.
The stone hits the worker ant.
The vampire mosquito completely misses you.
Firing (i - inventory)
h - 104 stones (quivered)
Aim: a vampire mosquito (heavily damaged)
You shoot a stone.
The stone closely misses the vampire mosquito.
The stone hits the worker ant but does no damage.
The vampire mosquito bites you.
The vampire mosquito draws strength from your injuries!
You take 5 damage, and have 32/55 hp.
Firing (i - inventory)
h - 103 stones (quivered)
Aim: a vampire mosquito (moderately damaged)
You shoot a stone.
The stone hits the vampire mosquito but does no damage.
The vampire mosquito closely misses you.
The worker ant waves its antennae.
Firing (i - inventory)
h - 102 stones (quivered)
Aim: a vampire mosquito (moderately damaged)
You shoot a stone. The stone hits the vampire mosquito!
The vampire mosquito bites you.
The vampire mosquito draws strength from your injuries!
You take 3 damage, and have 30/55 hp.
Firing (i - inventory)
h - 101 stones (quivered)
Aim: a vampire mosquito (severely damaged)
You shoot a stone. The stone hits the vampire mosquito.
The vampire mosquito closely misses you.
Firing (i - inventory)
h - 100 stones (quivered)
Aim: a vampire mosquito (severely damaged)
You shoot a stone. The stone hits the vampire mosquito.
The vampire mosquito bites you.
The vampire mosquito draws strength from your injuries!
You take 2 damage, and have 28/55 hp.
Firing (i - inventory)
h - 99 stones (quivered)
Aim: a vampire mosquito (severely damaged)
You shoot a stone. The stone hits the vampire mosquito.
The vampire mosquito completely misses you.
Firing (i - inventory)
h - 98 stones (quivered)
Aim: a vampire mosquito (severely damaged)
You shoot a stone. The stone misses the vampire mosquito.
The stone hits the worker ant.
The vampire mosquito misses you. The vampire mosquito bites you.
The vampire mosquito draws strength from your injuries!
You take 3 damage, and have 25/55 hp.
Firing (i - inventory)
h - 97 stones (quivered)
Aim: a vampire mosquito (severely damaged)
You shoot a stone.
The stone barely misses the vampire mosquito.
The stone hits the worker ant!
You kill the worker ant!
Okawaru accepts your kill.
The vampire mosquito completely misses you.
Firing (i - inventory)
h - 96 stones (quivered)
Aim: a vampire mosquito (severely damaged)
You shoot a stone.
The stone closely misses the vampire mosquito.
The stone hits the centaur.
The vampire mosquito bites you!
The vampire mosquito draws strength from your injuries!
You take 8 damage, and have 17/55 hp.
Firing (i - inventory)
h - 95 stones (quivered)
Aim: a vampire mosquito (heavily damaged)
You shoot a stone. The stone hits the vampire mosquito.
The vampire mosquito misses you.
Firing (i - inventory)
h - 94 stones (quivered)
Aim: a vampire mosquito (severely damaged)
You shoot a stone. The stone hits the vampire mosquito.
You destroy the vampire mosquito!
Okawaru accepts your kill.
Firing (i - inventory)
h - 93 stones (quivered)
Aim: a bullfrog You shoot a stone.
The stone hits the bullfrog.
The bullfrog barely misses you.
Firing (i - inventory)
h - 92 stones (quivered)
Aim: a bullfrog (moderately wounded)
You shoot a stone. The stone hits the bullfrog!
The bullfrog hits you.
* * * LOW HITPOINT WARNING * * *
You take 2 damage, and have 16/55 hp.
Firing (i - inventory)
h - 91 stones (quivered)
Aim: a bullfrog (severely wounded)
You shoot a stone.
The stone hits the bullfrog but does no damage.
The bullfrog hits you.
* * * LOW HITPOINT WARNING * * *
You take 4 damage, and have 12/55 hp.
Firing (i - inventory)
h - 90 stones (quivered)
Aim: a bullfrog (severely wounded)
You shoot a stone. The stone barely misses the bullfrog.
You see here a ring mail.
The centaur wields a shortbow.
The centaur shoots an arrow.
The arrow hits you!
You die...

..# .# #.. #.# #.# #.#
#.# #.# #.# # #.# #.#
#.# #
######.###.#.#.#.#
######..........#.....8
..........@.....#...#..
.......[...............
........)F.......>....8
................#...#.#
#.#####c###...........#
#.....#.........###
##..#..#.........###.
#..###...............
#(#.#)#.#.............


You could see a bullfrog and a centaur.

Vanquished Creatures
  A two-headed ogre (D:8)
  The ghost of NateTC the Grappler, a novice TrMo (D:7)
  A troll (D:9)
  A hungry ghost (D:9)
  2 basilisks (D:9)
  2 vampire mosquitoes (D:9)
  4 orc warriors
  An ice beast (D:7)
  5 sky beasts
  2 phantoms
  6 ogres
  A bullfrog (D:9)
  5 scorpions
  5 wights (D:7)
  A killer bee (D:9)
  2 howler monkeys (D:7)
  3 crimson imps
  A quasit (D:9)
  3 hounds
  A jelly (D:5)
  6 orc priests
  2 bullfrog skeletons
  3 iguanas
  A centaur skeleton (D:6)
  6 orc wizards
  3 worker ants
  A killer bee zombie (D:9)
  A howler monkey zombie (D:6)
  9 adders
  A howler monkey skeleton (D:8)
  3 shadow imps
  2 oozes
  2 worms
  A dart slug (D:2)
  4 leopard geckos
  26 orcs
  2 ball pythons
  11 bats
  6 giant cockroaches
  10 goblins
  10 hobgoblins
  17 jackals
  2 quokkas
  4 frilled lizards
  A jackal skeleton (D:6)
  6 kobolds
  2 leopard gecko skeletons
  12 rats
202 creatures vanquished.

Notes
Turn   | Place    | Note
-------+----------+-------------------------------------------
     0 | D:1      | Deeps the Spriggan Hunter began the quest for the Orb.
     0 | D:1      | Reached XP level 1. HP: 10/10 MP: 2/2
    69 | D:1      | Reached skill level 5 in Slings
   241 | D:1      | Reached XP level 2. HP: 14/14 MP: 3/3
   635 | D:1      | Reached XP level 3. HP: 18/18 MP: 4/4
   785 | D:1      | Reached skill level 6 in Slings
  1232 | D:2      | Found a radiant altar of Vehumet.
  1234 | D:2      | Found a shimmering altar of Xom.
  1234 | D:2      | Found a shimmering altar of Xom.
  1242 | D:2      | Found a deep blue altar of Sif Muna.
  1242 | D:2      | Found a glowing golden altar of the Shining One.
  1242 | D:2      | Found a hide-covered altar of Uskayaw.
  1559 | D:3      | Reached XP level 4. HP: 23/23 MP: 5/5
  1785 | D:3      | Reached skill level 2 in Stealth
  1991 | D:3      | Found a burning altar of Makhleb.
  1993 | D:3      | Noticed a blizzard demon
  2203 | D:3      | Found a glowing silver altar of Zin.
  2203 | D:3      | Noticed an angel
  2387 | D:4      | Reached skill level 7 in Slings
  2705 | D:3      | Reached skill level 2 in Fighting
  2705 | D:3      | Reached XP level 5. HP: 13/26 MP: 6/6
  3128 | D:4      | Noticed an ogre
  3166 | D:4      | Killed an ogre
  3166 | D:4      | Reached skill level 8 in Slings
  3166 | D:4      | Reached XP level 6. HP: 28/31 MP: 7/7
  3361 | D:4      | Found a glowing golden altar of the Shining One.
  3442 | D:4      | Found a shattered altar of Ashenzari.
  3748 | D:5      | Entered Level 5 of the Dungeon
  3766 | D:5      | Noticed a sky beast
  3785 | D:5      | Killed a sky beast
  3785 | D:5      | Reached skill level 9 in Slings
  3832 | D:5      | Found a sacrificial altar of Ru.
  3841 | D:5      | Reached XP level 7. HP: 35/35 MP: 8/8
  3935 | D:5      | Reached skill level 4 in Dodging
  4039 | D:5      | Reached skill level 3 in Fighting
  4125 | D:5      | Found a deep blue altar of Sif Muna.
  4165 | D:5      | Reached skill level 10 in Slings
  4665 | D:6      | Reached XP level 8. HP: 37/40 MP: 9/9
  4801 | D:6      | Reached skill level 11 in Slings
  5065 | D:6      | HP: 7/42 [orc warrior/halberd (26)]
  5078 | D:6      | Reached skill level 4 in Fighting
  5078 | D:6      | Reached skill level 3 in Stealth
  5419 | D:6      | Found a blossoming altar of Fedhas.
  5480 | D:6      | HP: 8/42 [orc warrior/stone (13)]
  5879 | D:6      | Found Utichy's Distillery.
  6130 | D:6      | Reached skill level 12 in Slings
  6300 | D:6      | Found Nabucuco's Book Emporium.
  6306 | D:6      | Found Woakelua's Weapon Shop.
  6423 | D:6      | Reached XP level 9. HP: 13/46 MP: 10/10
  6775 | D:6      | Found a staircase to the Ecumenical Temple.
  6968 | Temple   | Entered the Ecumenical Temple
  7011 | Temple   | Became a worshipper of Warmaster Okawaru
  7622 | D:7      | Noticed NateTC's ghost (novice TrMo)
  7753 | D:7      | Reached skill level 5 in Fighting
  7796 | D:7      | Killed NateTC's ghost
  7796 | D:7      | Reached * piety under Okawaru
  7796 | D:7      | Reached skill level 13 in Slings
  8097 | D:7      | Found Goecem's Antique Armour Emporium.
  8777 | D:8      | Noticed a two-headed ogre
  8861 | D:8      | Killed a two-headed ogre
  8861 | D:8      | Reached ** piety under Okawaru
  8861 | D:8      | Reached skill level 6 in Fighting
  9312 | D:9      | Noticed a troll
  9519 | D:9      | Reached skill level 14 in Slings
  9541 | D:9      | Reached XP level 10. HP: 45/53 MP: 11/11
  9659 | D:9      | Reached skill level 5 in Dodging
  9747 | D:9      | Reached *** piety under Okawaru
  9768 | D:9      | Reached skill level 7 in Fighting
  9839 | D:9      | Found a staircase to the Orcish Mines.
 10080 | D:9      | Found the +3 giant club "Skullcrusher" {speed, Str+7}
 10112 | D:9      | HP: 12/55 [bullfrog (4)]
 10120 | D:9      | Shot with an arrow by a centaur

Vault maps used:
D:1:      lemuel_arrival_tunnels, patterned_corridor
D:2:      doesnt_xom_only_xom
D:3:      grunt_temple_overflow_order_and_chaos_2
D:4:      nicolae_tso_swordbearing_angel, evilmike_ruin_ashenzari, first_ration
D:5:      kennysheep_little_box, nicolae_ru_great_annihilating_truth
D:6:      nicolae_overflow_crystal_walls, minmay_temple_entry_large_hall,
          serial_shops, shop, shop, nicolae_shop_behind_doors,
          minmay_misc_feat_columns, minmay_misc_feat_secret_circle,
          lightli_minifort
D:7:      serial_shops, nicolae_shop_overgrown_old_shop
D:9:      minmay_the_grid_square_5x5_4x4, dancing_weapons_uskayaw, minitemple,
          kennysheep_mini_moat, basic_altar
Temple:   jpeg_temple_island

Skill      XL: |  1  2  3  4  5  6  7  8  9 10 |
---------------+-------------------------------+-----
Slings         | 5 6 7 8 9 10 12 14 | 14.6
Stealth        | 2 3 |  3.8
Fighting       | 2 3 4 6 7 |  7.4
Dodging        | 4 5 |  5.7
Evocations     | |  0.5

Action                   |  1- 3 |  4- 6 |  7- 9 | 10-12 || total
-------------------------+-------+-------+-------+-------++-------
 Fire: Hunting sling     |   126 |   205 |   672 |   208 ||  1211
Evoke: Wand              |       |       |     1 |       ||     1
  Use: Scroll            |       |       |    10 |     1 ||    11
       Potion            |       |       |    11 |     1 ||    12
  Eat: Ration            |       |       |     3 |       ||     3
Armor: Robe              |     1 |     5 |     4 |     2 ||    12
Dodge: Dodged            |    17 |    69 |   122 |    66 ||   274

Table legend:
 A = Spawn XP
 B = Non-spawn XP
 C = Spawn XP percentage of total XP
 D = Spawn monster count
 E = Non-spawn monster count
 F = Spawn count percentage of total count
 G = Total turns spent on level
                    A         B        C        D         E        F      G
               +---------+---------+-------+---------+---------+-------+---------
         Total |       0 |    7769 |   0.0 |       0 |     202 |   0.0 | 10120
               +---------+---------+-------+---------+---------+-------+---------
           D:1 |       0 |      52 |   0.0 |       0 |      28 |   0.0 |   932
           D:2 |       0 |      25 |   0.0 |       0 |      13 |   0.0 |   535
           D:3 |       0 |     117 |   0.0 |       0 |      23 |   0.0 |  1379
           D:4 |       0 |     369 |   0.0 |       0 |      21 |   0.0 |   902
           D:5 |       0 |     767 |   0.0 |       0 |      24 |   0.0 |   891
           D:6 |       0 |    1486 |   0.0 |       0 |      34 |   0.0 |  2401
           D:7 |       0 |    1410 |   0.0 |       0 |      16 |   0.0 |  1426
           D:8 |       0 |    1068 |   0.0 |       0 |      13 |   0.0 |   732
           D:9 |       0 |    2475 |   0.0 |       0 |      30 |   0.0 |   673
               +---------+---------+-------+---------+---------+-------+---------

Vault maps used:
D:1:      lemuel_arrival_tunnels, patterned_corridor
D:2:      doesnt_xom_only_xom
D:3:      grunt_temple_overflow_order_and_chaos_2
D:4:      nicolae_tso_swordbearing_angel, evilmike_ruin_ashenzari, first_ration
D:5:      kennysheep_little_box, nicolae_ru_great_annihilating_truth
D:6:      nicolae_overflow_crystal_walls, minmay_temple_entry_large_hall,
          serial_shops, shop, shop, nicolae_shop_behind_doors,
          minmay_misc_feat_columns, minmay_misc_feat_secret_circle,
          lightli_minifort
D:7:      serial_shops, nicolae_shop_overgrown_old_shop
D:9:      minmay_the_grid_square_5x5_4x4, dancing_weapons_uskayaw, minitemple,
          kennysheep_mini_moat, basic_altar
Temple:   jpeg_temple_island

Table legend:
 A = Turns spent in this place as a percentage of turns spent in the entire game.
 B = Non-inter-level travel turns spent in this place as a percentage of non-inter-level travel turns spent in the entire game.
 C = Inter-level travel turns spent in this place as a percentage of turns spent in this place.
 D = Turns resting spent in this place as a percentage of non-inter-level travel turns spent in this place.
 E = Turns spent auto-exploring this place as a percentage of non-inter-level travel turns spent in this place.
 F = Non-inter-level travel turns spent in this place divided by the number of levels of this place that you've seen.
                   A       B       C       D       E      F
               +-------+-------+-------+-------+-------+----------------------
         Total | 100.0 | 100.0 |   4.0 |  19.5 |  58.1 | 971.5
       Dungeon |  97.5 |  97.7 |   3.8 |  20.0 |  57.2 | 1054.6
        Temple |   2.5 |   2.3 |  10.0 |   0.0 |  94.6 | 224.0
               +-------+-------+-------+-------+-------+----------------------

Table legend:
 A = Kills in this place as a percentage of kills in entire the game.
 B = Kills by you in this place as a percentage of kills by you in the entire game.
 C = Kills by friends in this place as a percentage of kills by friends in the entire game.
 D = Other kills in this place as a percentage of other kills in the entire game.
 E = Experience gained in this place as a percentage of experience gained in the entire game.
 F = Experience gained in this place divided by the number of levels of this place that you have seen.
                   A       B       C       D       E      F
               +-------+-------+-------+-------+-------+----------------------
         Total | 100.0 | 100.0 |   N/A |   N/A | 100.0 | 776.9
       Dungeon | 100.0 | 100.0 |   N/A |   N/A | 100.0 | 863.2
               +-------+-------+-------+-------+-------+----------------------
